 Dungeon Crawl Stone Soup version 0.30-a0-989-g0d87f670db (webtiles) character file.

Game seed: 1008185439999744309

1072 jtron the Cutter (level 8, -2/55 (60) HPs)
             Began as a Demonspawn Monk on Apr 3, 2023.
             Was a Follower of Uskayaw.
             Slain by a wight
             ... wielding a +3 great sword
              (5 damage)
             ... on level 5 of the Dungeon.
             The game lasted 00:12:38 (4377 turns).

jtron the Cutter (Demonspawn Monk)                  Turns: 4377, Time: 00:12:38

HP:   -2/55 (60)    AC:  2    Str: 12    XL:     8   Next: 7%
MP:   0/13          EV: 23    Int: 11    God:    Uskayaw [*.....]
Gold: 181           SH:  0    Dex: 18    Spells: 11/13 levels left

rFire   . . .      SeeInvis .    a - +0 rapier
rCold   . . .      Faith    .    (no shield)
rNeg    . . .      Spirit   +    e - +0 robe
rPois   .          Reflect  .    (helmet restricted)
rElec   .          Rampage  .    (no cloak)
rCorr   .                        (no gloves)
Will    .....                    (no boots)
Stlth   ++                       (no amulet)
HPRegen 0.29/turn                f - +5 ring of evasion
MPRegen 0.26/turn                q - +5 ring of evasion

@: drained
A: horns 2, foul stench 1, magic shield, magic regeneration, weakness stinger 2
a: Renounce Religion, Stomp


You were on level 5 of the Dungeon.
You worshipped Uskayaw.
Uskayaw was noncommittal.
You visited 1 branch of the dungeon, and saw 5 of its levels.

You collected 181 gold pieces.

Inventory:

Hand Weapons
 a - a +0 rapier (weapon)
 b - a +1 sling
 t - a +0 short sword
Missiles
 g - 5 boomerangs
 k - 36 stones
Armour
 e - a +0 robe (worn)
Jewellery
 f - a +5 ring of evasion (left hand)
 l - a ring of ice
 q - a +5 ring of evasion (right hand)
 u - a ring of fire
Wands
 v - a wand of iceblast (7)
Scrolls
 i - 2 scrolls of amnesia
 m - a scroll of vulnerability
 r - a scroll of blinking
 w - a scroll of enchant armour {unknown}
Potions
 c - a potion of ambrosia
 d - a potion of haste
 h - 2 potions of magic
 j - a potion of heal wounds {unknown}
 n - 2 potions of curing {unknown}
 o - a potion of lignification {unknown}
 p - 2 potions of mutation
 s - a potion of attraction {unknown}


   Skills:
 + Level 4.0 Fighting
 + Level 4.2 Short Blades
 + Level 3.7 Ranged Weapons
 + Level 0.1 Throwing
 - Level 3.2 Dodging
 + Level 2.3 Stealth
 * Level 3.3 Spellcasting
 - Level 2.8 Transmutations
 - Level 3.5 Poison Magic
 + Level 0.3 Evocations


You had 11 spell levels left.
You knew the following spells:

 Your Spells              Type           Power      Damage    Failure   Level
a - Sting                 Tmut/Pois      32%        1d4       7%          1
b - Summon Small Mammal   Summ           4%         N/A       26%         1

Your spell library contained the following spells:

 Spells                   Type           Power      Damage    Failure   Level
 Poisonous Vapours        Pois/Air       10%        N/A       19%         2
 Passwall                 Tmut/Erth      4%         N/A       22%         2
 Sandblast                Erth           2%         2d4       26%         1
 Olgreb's Toxic Radiance  Pois           9%         N/A       52%         4
 Call Canine Familiar     Summ           1%         N/A       58%         3
 Stone Arrow              Conj/Erth      2%         3d7       58%         3
 Summon Guardian Golem    Hex/Summ       1%         N/A       58%         3


Dungeon Overview and Level Annotations

Branches:
Dungeon (5/15)
 Temple: D:4-7

Altars:
Trog
Uskayaw


Innate Abilities, Weirdness & Mutations

You have a pair of horns on your head.
You may rarely emit foul miasma when damaged in melee.
When hurt, damage is shared between your health and your magic reserves.
You regenerate magic rapidly.
You have a tail ending in a sharp stinger.


Message History

The wight appears confused. x2
The wight hits you with a +0 morningstar.
You hit the wight. You headbutt the wight.
The wight is lightly damaged.
You hit the wight but do no damage.
The wight is lightly damaged.
The wight seems less confused.
The wight completely misses you.
You hit the wight but do no damage. The wight hits you with a +0 hand axe.
You feel drained. The wight misses you.
You hit the wight but do no damage.
Your tail-slap misses the wight.
The wight is lightly damaged.
The wight misses you. The wight completely misses you.
You barely miss the wight.
You headbutt the wight, but do no damage.
The wight hits you with a +0 hand axe! The wight barely misses you.
The wight completely misses you.
You stomp with the beat, sending a shockwave through the revellers around you!
The wight is heavily damaged. x3
You can no longer pass through a line of other dancers.
The wight hits you with a +0 hand axe. The wight completely misses you.
The wight hits you with a +0 morningstar!
You feel drained.
You can now pass through a line of other dancers.
You hit the wight but do no damage.
The wight is heavily damaged.
The wight closely misses you. x2; The wight misses you.
The wight attacks as you move away! The wight barely misses you.
The wight completely misses you. The wight misses you.
Aiming: Line Pass
Press: ? - help, Dir - move target The wight appears confused. x2
You can no longer pass through a line of other dancers.
The wight closely misses you.
You hit the wight.
The wight is severely damaged.
The wight seems less confused. x2
The wight hits you with a +3 great sword!!
* * * LOW HITPOINT WARNING * * *
You feel drained.
You die...

#...########.
#>........
######'########
#........#
#........#
#....)...#
#######'###
#......z..#
#.....z@..#
#......z..#
#.........#
#.........#
#######+###


You could see 3 wights.

Vanquished Creatures
  Eustachio (D:4)
  4 ogres
  A black bear (D:4)
  A phantom (D:5)
  A scorpion (D:4)
  A wight (D:5)
  An orc priest (D:4)
  2 hounds
  An iguana (D:5)
  Robin (D:4)
  4 gnolls (D:4)
  4 adders
  4 worms
  4 dart slugs
  4 orcs
  3 ball pythons
  10 endoplasms
  2 giant cockroaches
  10 goblins
  13 hobgoblins
  4 jackals (D:2)
  6 kobolds
  A quokka (D:1)
  4 bats
  3 frilled lizards
  10 rats
100 creatures vanquished.

Notes
Turn   | Place    | Note
-------+----------+-------------------------------------------
     0 | D:1      | jtron the Demonspawn Monk began the quest for the Orb.
     0 | D:1      | Reached XP level 1. HP: 18/18 MP: 1/1
   167 | D:1      | Discovered your monstrous ancestry.
   167 | D:1      | Gained mutation: You have a pair of small horns on your
                  | head. [demonic ancestry]
   167 | D:1      | Reached XP level 2. HP: 24/24 MP: 2/2
   363 | D:1      | Learned a level 1 spell: Sting
   822 | D:1      | Gained mutation: You may rarely emit foul miasma when
                  | damaged in melee. [demonic ancestry]
   822 | D:1      | Reached XP level 3. HP: 29/29 MP: 3/3
  1211 | D:2      | Reached skill level 1 in Poison Magic
  1225 | D:2      | Reached skill level 1 in Ranged Weapons
  1601 | D:2      | Gained mutation: You have a small tail. [demonic ancestry]
  1601 | D:2      | Reached XP level 4. HP: 35/35 MP: 4/4
  1748 | D:2      | Found a faded altar of an unknown god.
  2126 | D:3      | Noticed an ogre
  2533 | D:3      | Killed an ogre
  2534 | D:3      | Reached skill level 1 in Spellcasting
  2534 | D:3      | Reached skill level 1 in Transmutations
  2534 | D:3      | Gained mutation: You regenerate magic rapidly. [demonic
                  | ancestry]
  2534 | D:3      | Reached XP level 5. HP: 18/41 MP: 2/6
  3090 | D:4      | Noticed an ogre
  3150 | D:4      | Noticed an ogre
  3193 | D:4      | Killed an ogre
  3194 | D:4      | Gained mutation: When hurt, damage is shared between your
                  | health and your magic reserves. [demonic ancestry]
  3194 | D:4      | Reached XP level 6. HP: 47/47 MP: 6/8
  3395 | D:4      | Noticed a moth of wrath
  3397 | D:4      | Found a bloodstained altar of Trog.
  3656 | D:4      | Noticed a +0 hand axe
  3657 | D:4      | Noticed a +0 hand axe
  3682 | D:4      | Noticed Eustachio
  3719 | D:4      | Killed Eustachio
  3720 | D:4      | Gained mutation: You have a tail ending in a sharp stinger.
                  | [demonic ancestry]
  3720 | D:4      | Reached XP level 7. HP: 46/53 MP: 7/10
  3781 | D:4      | Found a hide-covered altar of Uskayaw.
  3812 | D:4      | Noticed Robin
  3820 | D:4      | Became a worshipper of Uskayaw the Reveller
  3820 | D:4      | Reached * piety under Uskayaw
  3837 | D:4      | Reached ** piety under Uskayaw
  3838 | D:4      | Killed Robin
  4018 | D:4      | Reached *** piety under Uskayaw
  4149 | D:5      | Entered Level 5 of the Dungeon
  4195 | D:5      | Gained mutation: You have a pair of horns on your head.
                  | [demonic ancestry]
  4195 | D:5      | Reached XP level 8. HP: 18/60 MP: 8/12
  4338 | D:5      | Learned a level 1 spell: Summon Small Mammal
  4377 | D:5      | Slain by a wight

Illustrated notes

Levels and vault maps discovered:
D:1:      dpeg_arrival_another_circle, layout_basic
D:2:      layout_loops_cross, hellmonk_ecumenical_altar_pennies_from_heaven
D:3:      layout_basic, kennysheep_another_room
D:4:      layout_loops_ring, tgw_trog, dancing_weapons_uskayaw, uniq_robin,
          uniq_eustachio
D:5:      layout_basic, nzn_wu_jian_council_hall, serial_shops,
          nicolae_diamond_shop, corexii_shack

Skill      XL: |  1  2  3  4  5  6  7  8 |
---------------+-------------------------+-----
Dodging        | 3 |  3.2
Poison Magic   | 1 2 3 |  3.5
Ranged Weapons | 1 2 3 |  3.7
Short Blades   | 3 4 |  4.2
Stealth        | 2 |  2.3
Spellcasting   | 1 2 3 |  3.3
Transmutations | 1 2 |  2.8
Fighting       | 4 |  4.0
Throwing       | |  0.1
Evocations     | |  0.3

Action                     |  1- 3 |  4- 6 |  7- 9 || total
---------------------------+-------+-------+-------++-------
  Melee: Short sword       |    67 |    48 |       ||   115
         Punch             |     1 |       |     4 ||     5
         Headbutt          |     6 |     9 |    21 ||    36
         Tailslap          |       |    11 |    10 ||    21
         Rapier            |       |       |    71 ||    71
   Fire: Sling             |    84 |    90 |     7 ||   181
  Throw: Boomerang         |       |     3 |     2 ||     5
   Cast: Sting             |       |    26 |     5 ||    31
 Invoke: Stomp             |       |       |     4 ||     4
         Line Pass         |       |       |     4 ||     4
  Evoke: Wand              |       |     2 |     1 ||     3
    Use: Scroll            |       |    13 |       ||    13
         Potion            |       |       |     1 ||     1
   Stab: Sleeping          |     1 |       |       ||     1
         Confused          |       |       |     1 ||     1
         Paralysed         |       |       |     1 ||     1
 Armour: Robe              |    11 |    10 |     1 ||    22
  Dodge: Dodged            |    67 |   142 |   108 ||   317

Table legend: (Time is in decaauts)
 A = Elapsed time spent in this place.
 B = Non-inter-level travel time spent in this place.
 C = Inter-level travel time spent in this place.
 D = Time resting spent in this place.
 E = Time spent auto-exploring this place.
 F = Levels seen in this place.
 G = Mean time per level.
                   A        B        C        D        E       F      G
               +--------+--------+--------+--------+--------+-----+--------+
         Total |   4403 |   4228 |    175 |    349 |   2963 |   5 |  880.6 |
       Dungeon |   4403 |   4228 |    175 |    349 |   2963 |   5 |  880.6 |
               +--------+--------+--------+--------+--------+-----+--------+

Top non-repeatable levels by time:
     D:3: 1104 daAuts
     D:1: 1054 daAuts
     D:4: 1019 daAuts
     D:2: 998 daAuts
     D:5: 227 daAuts
